Map: 机械城 - 天梯版

Players

DnS - Winner!

  • Race: Protoss Protoss

Seventy

  • Race: Protoss Protoss
  • League: Diamond

Event: WESG 2018 Grand Finals

VOD

Have the link to the VOD?

Description

Time

  • Played on: March 12, 2019, 7:25 a.m.
  • Length: 5:37

All games in this series

Show
View Real Time Build Order
Export as new Build Order

DnS Protoss - Winner!

Build Orders:  

Get SALT Encoding   

  12  0:00  Probe  
  13  0:12  Probe  
  14  0:18  Pylon  
  14  0:24  Probe  
  15  0:32  Probe  
  15  0:39  Gateway  
  15  0:40  Probe  
  16  0:47  Assimilator  
  17  0:51  Probe  
  18  1:00  Probe, Assimilator  
  19  1:09  Probe  
  19  1:10  Gateway  
  19  1:17  Probe  
  21  1:26  Cybernetics Core  
  21  1:30  Probe  
  22  1:39  Pylon  
  22  1:42  Probe  
  23  1:54  Warp Gate  
  23  2:03  Stalker x2  
  27  2:18  Pylon  
  27  2:33  Stalker x2  
  27  2:35  Robotics Facility  
  31  2:44  Gateway  
  31  3:03  Stalker x2  
  35  3:12  Pylon  
  35  3:20  Shield Battery  
  35  3:24  Warp Prism  
  37  3:48  Stalker, Sentry  
  37  3:50  Stalker  
  43  3:59  Observer  
  44  4:06  Pylon  
  44  4:13  Observer  
  45  4:27  Stalker x2  
  45  4:29  Stalker  
  51  4:57  Stalker  
  51  4:58  Stalker  
  55  5:15  Pylon  
  53  5:23  Stalker  
  53  5:32  Stalker  
Show
View Real Time Build Order
Export as new Build Order

Seventy Protoss 

Build Orders: Dark Templar Rush 

Get SALT Encoding   

  1  0:00  Probe  
  12  0:05  Probe  
  14  0:18  Pylon  
  14  0:22  Probe  
  15  0:36  Probe  
  15  0:39  Gateway  
  16  0:48  Probe  
  17  0:50  Assimilator  
  17  1:00  Probe  
  17  1:02  Assimilator  
  18  1:12  Probe  
  19  1:18  Gateway  
  19  1:25  Probe  
  20  1:30  Cybernetics Core  
  20  1:37  Probe  
  21  1:40  Pylon  
  21  1:49  Probe  
  22  1:57  Stalker  
  22  1:58  Sentry  
  22  2:02  Probe  
  27  2:11  Warp Gate  
  27  2:22  Pylon, Probe  
  28  2:26  Pylon  
  28  2:32  Stalker  
  30  2:39  Shield Battery  
  30  2:40  Probe  
  31  2:48  Twilight Council  
  31  2:54  Zealot  
  33  3:01  Probe  
  34  3:16  Stalker  
  36  3:24  Shield Battery  
  36  3:37  Shield Battery  
  36  3:38  Shield Battery  
  32  3:47  Dark Shrine  
  34  3:52  Pylon  
  32  4:04  Shield Battery  
  32  4:05  Shield Battery  
  32  4:07  Gateway  
  32  4:11  Sentry  
  32  4:15  Zealot  
  34  4:46  Sentry  
  34  4:47  Adept  
  36  5:02  Dark Templar  
  38  5:11  Dark Templar x2  
Tags
 
Add a new tag
Caveats
  • Supply blocks, unpowered buildings, or Contaminate may cause inaccurate times.
  • Supply counts are checked every 10 seconds.